 Dungeon Crawl Stone Soup version 0.18-a0-1683-gf9322e6 (webtiles) character file.

897 namelastname112 the Slasher (level 7, -2/93 HPs)
             Began as a Green Draconian Berserker on Apr 3, 2016.
             Was a Priest of Trog.
             Slain by an ice beast (9 damage)
             ... on level 6 of the Dungeon.
             The game lasted 00:05:01 (4360 turns).

namelastname112 the Slasher (DrBe)                  Turns: 4360, Time: 00:05:02

Health: -2/93      AC:  7    Str: 24    XL:     7   Next: 79%
Magic:  6/7        EV: 15    Int:  7    God:    Trog [***...]
Gold:   232        SH:  3    Dex: 19    Spells: 0 memorised, 6 levels left

rFire  + . .     SeeInvis .     a - +0 falchion
rCold  . . .     Gourm    .     (armour unavailable)
rNeg   . . .     Faith    .     (no shield)
rPois  +         Spirit   .     (helmet restricted)
rElec  .         Dismiss  .     (no cloak)
rCorr  .         Reflect  +     y - +0 pair of gloves
SustAt .         Harm     .     (no boots)
MR     .....                    n - +3 amulet of reflection
Stlth  ..........               w - +6 ring of dexterity
                                c - ring of protection from fire

@: berserking, very quick, not resistant to hostile enchantments, extremely
unstealthy
A: breathe noxious fumes, unfitting armour, antennae 1, poison resistance,
cold-blooded, AC +6
a: Breathe Noxious Fumes, Berserk, Trog's Hand, Burn Spellbooks, Renounce
Religion


You were on level 6 of the Dungeon.
You worshipped Trog.
Trog was most pleased with you.
You were very hungry.

You visited 1 branch of the dungeon, and saw 6 of its levels.

You collected 268 gold pieces.
You spent 36 gold pieces at shops.

Inventory:

Hand Weapons
 a - a +0 falchion (weapon)
Armour
 y - a +0 pair of gloves (worn)
Jewellery
 c - a ring of protection from fire (left hand)
 n - a +3 amulet of reflection (around neck)
 w - a +6 ring of dexterity (right hand)
Wands
 z - a wand of polymorph (14/24)
Scrolls
 e - 3 scrolls of fog {unknown}
 f - a scroll of enchant armour {unknown}
 g - 3 scrolls of magic mapping {unknown}
 i - 7 scrolls of identify {unknown}
 j - 4 scrolls of remove curse {unknown}
 m - a scroll of amnesia {unknown}
 p - a scroll of noise {unknown}
 t - a scroll of teleportation {unknown}
Potions
 d - 3 potions of degeneration {unknown}
 h - a potion of ambrosia {unknown}
 l - 2 potions of lignification {unknown}
 r - a potion of heal wounds {unknown}
 s - a potion of magic {unknown}
 u - a potion of might {unknown}
 x - 4 potions of curing
Comestibles
 b - 5 bread rations
 k - a beef jerky
 o - a fruit
 q - 2 meat rations


   Skills:
 + Level 5.8 Fighting
 * Level 7.0 Long Blades
 + Level 4.7 Dodging


You had 6 spell levels left.
You didn't know any spells.

Dungeon Overview and Level Annotations

Branches:
Dungeon (6/15)             Temple (0/1) D:5

Altars:
Ru

Shops:
D:5 }!


Innate Abilities, Weirdness & Mutations

You can breathe blasts of noxious fumes.
Your lurid green scales are hard (AC +6).
Your body does not fit into most forms of armour.
Your system is resistant to poisons.
You are cold-blooded and may be slowed by cold attacks.
You have a pair of small antennae on your head.


Message History

The ice beast struggles against the net.
The net rips apart, and the ice beast comes free!
You closely miss the ice beast.
The ice beast is heavily wounded.
The ice beast hits you.
* * * LOW HITPOINT WARNING * * *
The ice beast freezes you.
* * * LOW HITPOINT WARNING * * *
A red film seems to cover your vision as you go berserk!
You feel yourself moving faster!
You feel mighty!
You are feeling very hungry.
The ice beast barely misses you.
You hit the ice beast.
The ice beast is severely wounded.
You slash the ice beast!
The ice beast is almost dead.
The ice beast hits you.
* * * LOW HITPOINT WARNING * * *
The ice beast freezes you!
You die...

### ### #### #.. ..# ..#
#.# #.# ## #.####.# #.#
#.## #####.##.#.###.#
#...##
##...........##.##.....##
...###......(.((@Y)(....#
#### #.#....###.##.....##
######.##.#....$# #...##
.......##.####### #.##
#########.# .# # #+# # #
# ##


You could see an ice beast.

Vanquished Creatures
  A water moccasin (D:6)
  A sky beast (D:6)
  A phantom (D:4)
  A centaur (D:6)
  Blork the orc (D:5)
  A crimson imp (D:5)
  A hound (D:4)
  A giant frog skeleton (D:5)
  2 orc priests (D:4)
  A centaur skeleton (D:5)
  An orc wizard (D:5)
  3 worker ants
  A hound skeleton (D:5)
  4 adders
  3 shadow imps
  2 oozes (D:3)
  An adder zombie (D:5)
  3 worms
  2 dart slugs
  8 orcs
  2 giant cockroaches (D:1)
  11 goblins
  12 hobgoblins
  2 quokkas
  3 bats
  A giant gecko skeleton (D:4)
  8 giant newts
  A jackal skeleton (D:5)
  9 kobolds
  8 rats
96 creatures vanquished.

Notes
Turn   | Place    | Note
--------------------------------------------------------------
     0 | D:1      | namelastname112 the Draconian Berserker began the quest for the Orb.
     0 | D:1      | Reached XP level 1. HP: 19/19 MP: 1/1
   112 | D:1      | epen: батя по три раза в день это мясо жрёт
   118 | D:1      | epen: а потом кричит на противников
   201 | D:1      | Reached XP level 2. HP: 22/26 MP: 2/2
   264 | D:1      | epen: пиздец короче
   294 | D:1      | namelastname112: реальная история
   294 | D:1      | namelastname112: я не скай бист
   338 | D:1      | epen: лол
   597 | D:1      | Reached ** piety under Trog
   912 | D:2      | Found a faded altar to an unknown god.
   927 | D:2      | Reached XP level 3. HP: 28/31 MP: 3/3
   972 | D:2      | epen: Бля
  1157 | D:2      | epen: а вот забавно в то, что никто кроме тебя таких мемесов не поймёт
  1162 | D:2      | epen: вот рили
  1195 | D:2      | epen: про гидр там
  1230 | D:2      | Reached skill level 4 in Long Blades
  1398 | D:2      | epen: про скай бистов
  1487 | D:3      | epen: грустно это
  1551 | D:3      | Reached XP level 4. HP: 35/40 MP: 4/4
  1676 | D:3      | Reached *** piety under Trog
  2051 | D:4      | Noticed a phantom
  2064 | D:4      | Reached XP level 5. HP: 21/46 MP: 5/5
  2108 | D:4      | Killed a phantom
  2108 | D:4      | Reached skill level 5 in Long Blades
  2356 | D:4      | Reached XP level 6. HP: 53/53 MP: 6/6
  2423 | D:4      | Received a gift from Trog
  2917 | D:5      | Entered Level 5 of the Dungeon
  3051 | D:5      | Found Gasunuipn's Distillery.
  3073 | D:5      | Bought a potion of curing for 36 gold pieces
  3092 | D:5      | Found a staircase to the Ecumenical Temple.
  3304 | D:5      | Found Xygej's Gadget Shop.
  3470 | D:5      | Noticed Blork the orc
  3485 | D:5      | Killed Blork the orc
  3485 | D:5      | Reached skill level 5 in Fighting
  3506 | D:5      | Reached skill level 6 in Long Blades
  3663 | D:5      | Your scales start taking on a lurid green colour.
  3663 | D:5      | Reached XP level 7. HP: 40/61 MP: 7/7
  3663 | D:5      | Gained mutation: Your system is resistant to poisons. [Green Draconian growth]
  3971 | D:6      | Found a sacrificial altar of Ru.
  4089 | D:6      | Gained mutation: You have a pair of small antennae on your head. [mutagenic meat]
  4348 | D:6      | Reached skill level 7 in Long Blades
  4360 | D:6      | Slain by an ice beast

Vault maps used:
D:1:      saegor_arrival_simple_d
D:2:      ecumenical_altar_1, serial_corexii_hall, corexii_hall_statues_l,
          corexii_hall_statues_x, corexii_hall_statues_x
D:4:      first_bread, lemuel_flame_loot_1
D:5:      temple_fountains, serial_shops, shop, nicolae_shop_statue_plus,
          uniq_blork_the_orc
D:6:      old_standard_altar, vehumet_crystals, corner_web_ring,
          minmay_door_square, uniq_edmund

Skill      XL: |  1  2  3  4  5  6  7 |
---------------+----------------------+-----
Dodging        | 3 4 |  4.7
Long Blades    | 4 5 6 7 |  7.0
Fighting       | 4 5 |  5.8

Action                   |  1- 3 |  4- 6 |  7- 9 || total
-------------------------+-------+-------+-------++-------
Melee: Falchion          |   135 |   216 |    83 ||   434
Throw: Throwing net      |       |       |     1 ||     1
Invok: Berserk           |       |     1 |     1 ||     2
       Trog's Hand       |       |     1 |       ||     1
  Eat: Chunk             |     2 |     7 |     3 ||    12
       Fruit             |       |     1 |       ||     1
